 Dungeon Crawl Stone Soup version 0.23.2-1-ga50397a (webtiles) character file.

Game seed: 13956957357009221401

81 myga the Slasher (level 4, -2/34 HPs)
             Began as a Demonspawn Gladiator on May 13, 2019.
             Slain by a centaur (6 damage)
             ... on level 2 of the Dungeon.
             The game lasted 00:05:41 (1448 turns).

myga the Slasher (Demonspawn Gladiator)             Turns: 1448, Time: 00:05:42

Health: -2/34      AC:  3    Str: 15    XL:     4   Next: 19%
Magic:  4/4        EV: 13    Int:  9    God:
Gold:   130        SH:  0    Dex: 15    Spells: 3/3 levels left

rFire    . . .     SeeInvis .   a - +0 long sword
rCold    . . .     Gourm    .   (no shield)
rNeg     . . .     Faith    .   b - +0 leather armour
rPois    .         Spirit   .   (helmet restricted)
rElec    .         Reflect  .   (no cloak)
rCorr    .         Harm     .   (no gloves)
MR       +....                  (no boots)
Stlth    ++........             (no amulet)
HPRegen  0.11/turn              i - ring of protection from magic
MPRegen  0.09/turn              (no ring)

@: no status effects
A: antennae 1, spiny 1, sturdy frame 1
a: no special abilities


You were on level 2 of the Dungeon.
You were hungry.

You visited 1 branch of the dungeon, and saw 2 of its levels.

You collected 130 gold pieces.

Inventory:

Hand Weapons
 a - a +0 long sword (weapon)
Missiles
 d - 2 throwing nets
 g - 38 stones (quivered)
Armour
 b - a +0 leather armour (worn)
 c - a +0 helmet
Jewellery
 i - a ring of protection from magic (left hand)
 k - an uncursed ring of see invisible {unknown}
Scrolls
 e - a scroll of identify
 m - a scroll of teleportation
Potions
 h - 2 potions of flight
 j - 4 potions of curing {unknown}
Comestibles
 f - 4 rations


   Skills:
 + Level 2.5 Fighting
 + Level 3.6 Long Blades
 + Level 1.9 Throwing
 + Level 0.2 Armour
 + Level 3.3 Dodging
 + Level 0.5 Stealth


You had 3 spell levels left.
You didn't know any spells.
Your spell library was empty.

Dungeon Overview and Level Annotations

Branches:
Dungeon (2/15)

Altars:


Innate Abilities, Weirdness & Mutations

You have a pair of small antennae on your head.
You are partially covered in sharp spines.
Your movements are slightly less encumbered by armour. (ER -2)


Message History

You hit the centaur but do no damage.
The centaur is moderately wounded.
The centaur hits you.
* * * LOW HITPOINT WARNING * * *
The centaur closely misses you.
You riposte.
You barely miss the centaur.
The centaur is moderately wounded.
Sorry, you're not good enough to have a special ability.
Unknown command.
Okay, then.
Okay, then.
Unknown command.
You hit the centaur.
The centaur is heavily wounded.
The centaur is struck by your spines. The centaur hits you.
* * * LOW HITPOINT WARNING * * *
The centaur is struck by your spines. The centaur closely misses you.
You hit the centaur but do no damage.
The centaur is severely wounded.
The centaur hits you.
You die...

S.≈≈≈....##
..≈≈≈.....#
...≈≈.....#
..........# ##
#.........# #.
..........#
###.
#.........#
####... #(c.#
#....#. #)@.#
..###.. #####
{#(..# #..#
....## ##...#
####.## .....#
#...## #....#
.....# #.(##
#. ####.####
.....##
##.###....
#....# ......#
#......#
###.####
###.#.#
#..#######...#
###..##
#.......#..###


You could see a centaur.

Vanquished Creatures
  A human zombie (D:2)
  2 worms (D:2)
  A dart slug (D:1)
  3 leopard geckos
  A giant cockroach (D:1)
  6 goblins
  4 hobgoblins (D:1)
  4 jackals (D:1)
  A ball python skeleton (D:2)
  3 bats (D:1)
  10 kobolds
  4 rats
40 creatures vanquished.

Notes
Turn   | Place    | Note
-------+----------+-------------------------------------------
     0 | D:1      | myga the Demonspawn Gladiator began the quest for the Orb.
     0 | D:1      | Reached XP level 1. HP: 16/16 MP: 1/1
   343 | D:1      | Gained mutation: You are partially covered in sharp spines.
                  | [demonic ancestry]
   343 | D:1      | Reached XP level 2. HP: 19/22 MP: 2/2
   575 | D:1      | You fall through a shaft!
   646 | D:2      | Gained mutation: Your movements are slightly less
                  | encumbered by armour. (ER -2) [demonic ancestry]
   646 | D:2      | Reached XP level 3. HP: 28/28 MP: 3/3
  1250 | D:2      | Gained mutation: You have a pair of small antennae on your
                  | head. [demonic ancestry]
  1250 | D:2      | Reached XP level 4. HP: 20/34 MP: 4/4
  1431 | D:2      | Noticed a centaur
  1448 | D:2      | Slain by a centaur

Skill      XL: |  1  2 |
---------------+-------+-----
Long Blades    | 3 |  3.6
Dodging        | 3 |  3.3
Fighting       | |  2.5
Throwing       | |  1.9
Armour         | |  0.2
Stealth        | |  0.5

Action                   |  1- 3 |  4- 6 || total
-------------------------+-------+-------++-------
Melee: Long sword        |    86 |     9 ||    95
Throw: Stone             |    23 |       ||    23
       Throwing net      |     1 |       ||     1
  Use: Scroll            |     2 |       ||     2
       Potion            |     1 |       ||     1
 Stab: Held in net/web   |     1 |       ||     1
       Sleeping          |     1 |       ||     1
  Eat: Chunk             |     1 |       ||     1
Armor: Leather armour    |    14 |     2 ||    16
Dodge: Dodged            |    58 |     8 ||    66
       Rpst.: Long sword |    12 |     2 ||    14
